 Dungeon Crawl Stone Soup version 0.30-b1-2-g02819fbbbe (webtiles) character file.

Game seed: 12092661626933215267

457 mopl the Insei (level 7, -1/85 HPs)
             Began as a Hill Orc Transmuter on Dec 27, 2023.
             Killed from afar by Dowan (15 damage)
             ... with a stone arrow
             ... on level 5 of the Dungeon.
             The game lasted 00:04:29 (3410 turns).

mopl the Insei (Hill Orc Transmuter)                Turns: 3410, Time: 00:04:30

Health: -1/85      AC: 23    Str: 13    XL:     7   Next: 6%
Magic:  10/10      EV:  2    Int: 13    God:
Gold:   234        SH:  0    Dex: 13    Spells: 7/10 levels left

rFire   . .          .
                       - Unarmed
rCold   . . .        (no shield)
rNeg    . . .        a - melded +0 robe
rPois   +            q - melded +0 helmet
rElec   .            k - melded scarf {shadows}
rCorr   .            c - melded +0 pair of gloves
SInv    .            (boots currently unavailable)
Will    .....        (no amulet)
Stlth   +            (no ring)
HPRegen 0.34/turn    (no ring)
MPRegen 0.12/turn

%: no passive effects
@: tree-form
A: stationary, stasis, torment immunity, boosted hp
a: no special abilities


You were on level 5 of the Dungeon.
You were a tree.
You visited 1 branch of the dungeon, and saw 5 of its levels.

You collected 234 gold pieces.

Inventory:

Missiles
 p - 2 silver boomerangs
Armour
 a - a +0 robe (melded)
 c - a +0 pair of gloves (melded)
 d - a +0 ring mail
 k - a scarf of shadows (melded)
 q - a +0 helmet (melded)
Jewellery
 j - an amulet of faith
Wands
 r - a wand of flame (10)
 v - a wand of paralysis (2)
Scrolls
 e - 2 scrolls of teleportation {unknown}
 g - a scroll of identify {unknown}
 h - 2 scrolls of fog {unknown}
 m - 2 scrolls of noise {unknown}
 n - 2 scrolls of amnesia {unknown}
 o - 3 scrolls of poison {unknown}
 t - a scroll of brand weapon {unknown}
 w - a scroll of silence {unknown}
Potions
 f - a potion of flight {unknown}
 i - 7 potions of curing {unknown}
 l - 2 potions of mutation {unknown}
 s - a potion of attraction {unknown}
 u - 2 potions of brilliance {unknown}


   Skills:
 + Level 3.1 Fighting
 + Level 2.5 Armour
 + Level 2.5 Dodging
 * Level 5.9 Unarmed Combat
 - Level 2.0 Spellcasting
 - Level 2.3 Transmutations


You had 7 spell levels left.
You knew the following spells:

 Your Spells              Type           Power      Damage    Failure   Level
a - Beastly Appendage     Tmut           14%        N/A       10%         1
w - Wereblood             Tmut           7%         N/A       14%         2

Your spell library contained the following spells:

 Spells                   Type           Power      Damage    Failure   Level
 Cigotuvi's Dreadful Rot  Necr/Pois/Air  2%         N/A       36%         2
 Spider Form              Tmut/Pois      4%         N/A       43%         3
 Call Canine Familiar     Summ           1%         N/A       58%         3
 Ozocubu's Armour         Ice            1%         N/A       58%         3
 Portal Projectile        Hex/Tloc       2%         N/A       58%         3
 Ice Form                 Ice/Tmut       4%         N/A       83%         4
 Dispel Undead            Necr           1%         3d6       94%         4
 Leda's Liquefaction      Hex/Erth       0%         N/A       94%         4
 Death Channel            Necr           0%         N/A       100%        6
 Ozocubu's Refrigeration  Ice            0%         4d7       100%        7
 Borgnjor's Revivificati  Necr           0%         N/A       100%        8
 Necromutation            Tmut/Necr      2%         N/A       100%        8
 Death's Door             Necr           0%         N/A       100%        9


Dungeon Overview and Level Annotations

Branches:
Dungeon (5/15)
 Temple: D:4-7

Altars:
Xom

Shops:
D:1 [

Annotations:
D:5 Dowan


Message History

Really quaff the potion of lignification?
Your horns disappear.
Your talons disappear.
Your +0 helmet unmelds from your body.
You turn into a tree.
Your scarf of shadows melds into your body.
Your +0 helmet melds into your body.
Your +0 pair of gloves melds into your body.
Your +0 robe melds into your body.
The dungeon's light returns to normal.
Your roots penetrate the ground.
Duvessa hits you with a +0 short sword.
* * * LOW HITPOINT WARNING * * *
Dowan hits you but does no damage.
You hit Duvessa.
Duvessa is lightly wounded.
Dowan hits you with a +0 dagger.
* * * LOW HITPOINT WARNING * * *
Duvessa hits you but does no damage.
You barely miss Duvessa.
Duvessa is lightly wounded.
You smack Duvessa!
Duvessa is heavily wounded.
Dowan hits you but does no damage. Duvessa completely misses you.
You hit Duvessa. You punch Duvessa, but do no damage.
Duvessa is heavily wounded.
Duvessa hits you but does no damage.
Dowan gestures wildly while chanting.
Dowan blinks!
You smack Duvessa!
You kill Duvessa!
Dowan seems overcome with grief.
Dowan seems to find hidden reserves of power!
Your Fighting skill increases to level 3!
You have reached level 7!
Okay, then.
You closely miss Dowan. Dowan barely misses you.
Dowan hits you but does no damage.
You barely miss Dowan. Dowan hits you but does no damage.
You barely miss Dowan. You punch Dowan.
Dowan is lightly wounded.
Dowan points at you and mumbles some strange words.
The stone arrow hits you!
You die...

#.# #.#
#.# #.#
#.# #.#
#)# #♣#
#...e.#
#.#####


You could see Dowan (fast).

Vanquished Creatures
  Eustachio (D:4)
  Duvessa (D:5)
  An orc wizard (D:4)
  Robin (D:3)
  7 gnolls
  2 adders
  An ufetubus (D:4)
  A worm (D:2)
  4 dart slugs
  7 orcs
  10 bats
  2 endoplasms
  5 giant cockroaches
  12 goblins
  9 hobgoblins
  3 jackals (D:1)
  2 quokkas (D:3)
  5 ball pythons
  2 frilled lizards
  3 kobolds
  A rat (D:2)
80 creatures vanquished.

Notes
Turn   | Place    | Note
-------+----------+-------------------------------------------
     0 | D:1      | mopl the Hill Orc Transmuter began the quest for the Orb.
     0 | D:1      | Reached XP level 1. HP: 16/16 MP: 3/3
    85 | D:1      | Reached XP level 2. HP: 22/23 MP: 4/4
   234 | D:1      | Reached XP level 3. HP: 12/28 MP: 3/5
   434 | D:1      | Found Ryliw's Armour Shoppe.
   815 | D:2      | Reached skill level 4 in Unarmed Combat
   839 | D:2      | Reached XP level 4. HP: 33/35 MP: 3/7
   879 | D:2      | Found a shimmering altar of Xom.
  1949 | D:3      | Noticed Robin
  1964 | D:3      | Killed Robin
  2120 | D:3      | Reached XP level 5. HP: 40/40 MP: 8/8
  2412 | D:3      | Found a faded altar of an unknown god.
  2704 | D:3      | Learned a level 2 spell: Wereblood
  2717 | D:4      | Reached skill level 1 in Armour
  2729 | D:4      | Noticed Eustachio
  2754 | D:4      | Reached skill level 5 in Unarmed Combat
  2761 | D:4      | Killed Eustachio
  2762 | D:4      | Reached XP level 6. HP: 26/50 MP: 5/9
  3390 | D:5      | Entered Level 5 of the Dungeon
  3390 | D:5      | Noticed Duvessa
  3390 | D:5      | Noticed Dowan
  3406 | D:5      | Killed Duvessa
  3407 | D:5      | Reached XP level 7. HP: 13/57 MP: 10/10
  3410 | D:5      | Killed from afar by Dowan

Illustrated notes

Levels and vault maps discovered:
D:1:      wander_arrival_estate, layout_basic, serial_shops, shop
D:2:      layout_basic, basic_altar, ebering_dispersal_statue_hall
D:3:      layout_loops_ring, ebering_ecumenical_altar_rust, uniq_robin
D:4:      layout_basic, uniq_eustachio
D:5:      layout_loops_ring, grunt_temple_overflow_open,
          minmay_temple_entry_antechambers, uniq_duvessa

Skill      XL: |  1  2  3  4  5  6 |
---------------+-------------------+-----
Transmutations | 2 |  2.3
Unarmed Combat | 4 5 |  5.9
Spellcasting   | 2 |  2.0
Armour         | 2 |  2.5
Fighting       | 2 3 |  3.1
Dodging        | 2 |  2.5

Action                     |  1- 3 |  4- 6 |  7- 9 || total
---------------------------+-------+-------+-------++-------
  Melee: Unarmed           |    97 |   183 |     3 ||   283
         Headbutt          |     5 |    15 |       ||    20
         Kick              |    10 |    26 |       ||    36
         Punch             |     4 |     5 |     1 ||    10
   Cast: Beastly Appendage |    10 |     7 |       ||    17
         Wereblood         |       |     2 |       ||     2
    Use: Potion            |       |     1 |       ||     1
   Stab: Sleeping          |       |     1 |       ||     1
 Armour: Robe              |    26 |    27 |       ||    53
         Skin              |       |     4 |     2 ||     6
  Dodge: Dodged            |    60 |    86 |     1 ||   147
